 Dungeon Crawl Stone Soup version 0.26-a0-712-ga5a9c9c9d0 (webtiles) character file.

Game seed: 18305184428291406788

746 kae the Insei (level 7, 0/42 HPs)
             Began as a Tengu Transmuter on Nov 12, 2020.
             Was an Initiate of Ru.
             Killed by divine providence
             ... invoked by an orc priest
              (12 damage)
             ... on level 5 of the Dungeon.
             The game lasted 00:03:25 (5785 turns).

kae the Insei (Tengu Transmuter)                    Turns: 5785, Time: 00:03:26

Health: 0/42       AC:  2    Str: 13    XL:     7   Next: 77%
Magic:  9/11       EV: 26    Int: 13    God:    Ru [......]
Gold:   298        SH:  0    Dex: 19    Spells: 6/10 levels left

rFire    . . .     SeeInvis +     - Unarmed
rCold    . . .     Faith    .   (shield currently unavailable)
rNeg     . . .     Spirit   .   (armour currently unavailable)
rPois    x         Reflect  .   (helmet currently unavailable)
rElec    .         Harm     .   (cloak currently unavailable)
rCorr    .         Rampage  .   (gloves currently unavailable)
MR       +....                  (boots unavailable)
Stlth    ++........             (no amulet)
HPRegen  0.14/turn              e - ring of see invisible
MPRegen  0.12/turn              (no ring)

@: spider-form (expiring), flying quickly and evasively, quick
A: tiny, repulsion field 1, magic resistance 1, able to fly
a: Stop Flying, End Transformation, Renounce Religion


You were on level 5 of the Dungeon.
You worshipped Ru.
Ru was noncommittal.
You were a venomous arachnid creature.
You visited 2 branches of the dungeon, and saw 6 of its levels.
You also visited: Sewer.

You collected 298 gold pieces.

Inventory:

Armour
 h - a +2 hat (melded)
 s - a +2 robe of magic resistance (melded)
Jewellery
 e - a ring of see invisible (left front leg)
 j - an uncursed amulet of faith
 t - an uncursed amulet of the acrobat {unknown}
Wands
 l - a wand of flame (11)
Scrolls
 b - a scroll of enchant armour
 d - 7 scrolls of identify
 f - a scroll of remove curse
 g - 3 scrolls of teleportation
 i - a scroll of blinking
 m - a scroll of fog
 r - a scroll of random uselessness {unknown}
Potions
 a - 4 potions of curing {unknown}
 c - a potion of ambrosia {unknown}
 k - a potion of haste
 n - 3 potions of flight {unknown}
 o - 2 potions of invisibility {unknown}
 p - 3 potions of degeneration {unknown}
 q - a potion of magic {unknown}


   Skills:
 + Level 3.8 Fighting
 - Level 2.1 Dodging
 + Level 5.3 Unarmed Combat
 - Level 2.0 Spellcasting
 * Level 5.0 Transmutations
 - Level 2.0 Poison Magic


You had 6 spell levels left.
You knew the following spells:

 Your Spells              Type           Power        Failure   Level
a - Beastly Appendage     Tmut           ##....       11%         1
b - Spider Form           Tmut/Pois      ##........   38%         3

Your spell library contained the following spells:

 Spells                   Type           Power        Failure   Level
 Wereblood                Tmut           ##......     14%         2
 Ice Form                 Ice/Tmut       #.......     83%         4
 Blade Hands              Tmut           ##........   83%         5


Dungeon Overview and Level Annotations

Branches:
Dungeon (5/15)             Temple (1/1) D:4           Sewer (visited)

Altars:
Ashenzari
Cheibriados
Dithmenos
Elyvilon
Fedhas
Gozag
Hepliaklqana
Kikubaaqudgha
Makhleb
Nemelex Xobeh
Okawaru
Qazlal
Ru
Sif Muna
Trog
Uskayaw
Vehumet
Wu Jian
Xom
Yredelemnul
Zin
The Shining One


Innate Abilities, Weirdness & Mutations

((You have a beak for a mouth.))
((You have claws for feet.))
You can fly continuously.
You are surrounded by a mild repulsion field. (EV +2)
You are resistant to hostile enchantments. (MR+)


Message History

Your +2 robe of magic resistance melds into your body.
You feel less resistant to hostile enchantments.
The orc priest calls down the wrath of Beogh upon you.
Beogh smites you!
You barely miss the orc. You hit the orc.
The orc is lightly wounded.
You hit the orc priest but do no damage.
The orc priest is poisoned.
The orc completely misses you.
You hit the orc warrior.
The orc warrior is poisoned.
The orc warrior is moderately wounded.
The orc misses you.
The orc shouts!
Your transformation is almost over.
The orc priest invokes the aid of Beogh against you.
Beogh smites you!
* * * LOW HITPOINT WARNING * * *
The orc priest mumbles some strange prayers to Beogh against you.
Beogh smites you!
You die...

###'########.. #.....##...
#...o.......######.....##...
#...........+....'......+...
#....o......######.....##...
#.....o....)# #.....##...
#...........######.....##...
###........o................##
#..........o................#
#............s..............#
#...........................#
#.............########......##
#.............# #......##
#.............# #########
#...########### # #### # #


You could see an orc warrior (poisoned), 2 orc priests and 2 orcs.

Vanquished Creatures
  Sigmund (D:3)
  An ogre (D:4)
  2 hounds
  Crazy Yiuf (D:3)
  A bullfrog skeleton (D:5)
  An orc priest (D:5)
  Jessica (D:3)
  A centaur skeleton (D:5)
  An orc wizard (D:4)
  A worker ant (D:3)
  Robin (D:3)
  3 gnolls (D:3)
  7 adders
  4 oozes (Sewer)
  An adder skeleton (D:4)
  5 worms
  5 leopard geckos
  5 orcs
  4 giant cockroaches
  16 goblins
  11 hobgoblins
  8 jackals
  11 kobolds
  A quokka (D:2)
  3 ball pythons
  14 bats
  12 frilled lizards
  A jackal zombie (D:5)
  A leopard gecko skeleton (D:5)
  5 rats
129 creatures vanquished.

Notes
Turn   | Place    | Note
-------+----------+-------------------------------------------
     0 | D:1      | kae the Tengu Transmuter began the quest for the Orb.
     0 | D:1      | Reached XP level 1. HP: 12/12 MP: 4/4
   113 | D:1      | Reached XP level 2. HP: 7/16 MP: 4/6
   409 | D:1      | Gained mutation: You are surrounded by a mild repulsion
                  | field. (EV +2) [potion of mutation]
   409 | D:1      | Gained mutation: You are resistant to hostile enchantments.
                  | (MR+) [potion of mutation]
   987 | D:1      | Reached XP level 3. HP: 20/20 MP: 7/7
  2127 | D:2      | Reached XP level 4. HP: 26/26 MP: 8/8
  2231 | D:3      | Learned a level 3 spell: Spider Form
  2260 | D:3      | Noticed Robin
  2279 | D:3      | Killed Robin
  2502 | D:3      | Noticed Jessica
  2506 | D:3      | Killed Jessica
  2506 | D:3      | Gained mutation: You can fly continuously. [Tengu growth]
  2506 | D:3      | Reached XP level 5. HP: 31/31 MP: 5/9
  2547 | D:3      | Found a glowing drain.
  2567 | Sewer    | Entered a sewer
  3362 | D:3      | Found a runed translucent door.
  3363 | D:3      | Noticed Crazy Yiuf
  3447 | D:3      | Reached XP level 6. HP: 32/36 MP: 7/10
  3487 | D:3      | Reached skill level 1 in Poison Magic
  3879 | D:3      | Noticed Sigmund
  3895 | D:3      | Killed Sigmund
  3895 | D:3      | Reached XP level 7. HP: 34/41 MP: 8/11
  4240 | D:3      | Killed Crazy Yiuf
  4294 | D:4      | Reached skill level 5 in Unarmed Combat
  4339 | D:4      | Found a staircase to the Ecumenical Temple.
  4384 | Temple   | Entered the Ecumenical Temple
  4522 | Temple   | Became a worshipper of Ru the Awakened
  4790 | D:4      | Found a glowing golden altar of the Shining One.
  5023 | D:4      | Found a hide-covered altar of Uskayaw.
  5024 | D:4      | Found a shadowy altar of Dithmenos.
  5108 | D:5      | Entered Level 5 of the Dungeon
  5404 | D:5      | Reached skill level 5 in Transmutations
  5785 | D:5      | Killed from afar by an orc priest

Illustrated notes

Levels and vault maps discovered:
D:1:      sevenhm_arrival_forest_fort_large_2, layout_loops_ring
D:2:      layout_basic
D:3:      layout_loops_corners, cheibrodos_sewer_entry_sluice, uniq_robin,
          uniq_sigmund, uniq_jessica, uniq_crazy_yiuf_cottage
D:4:      layout_cave_pools, gammafunk_temple_overflow_statue,
          minmay_temple_entry_mini_moons, tso_metal_star
D:5:      layout_basic
Temple:   regret_index_temple_chain_breaker

Skill      XL: |  1  2  3  4  5  6  7 |
---------------+----------------------+-----
Transmutations | 2 3 4 5 |  5.0
Fighting       | 2 3 |  3.8
Unarmed Combat | 4 5 |  5.3
Poison Magic   | 2 |  2.0
Dodging        | |  2.1
Spellcasting   | |  2.0

Action                   |  1- 3 |  4- 6 |  7- 9 || total
-------------------------+-------+-------+-------++-------
Melee: Unarmed           |    98 |   173 |    86 ||   357
       Kick              |    18 |    36 |    16 ||    70
       Peck              |     9 |    18 |    15 ||    42
       Headbutt          |     3 |     3 |     1 ||     7
       Punch             |       |     1 |     1 ||     2
 Cast: Beastly Appendage |    14 |     6 |     5 ||    25
       Spider Form       |       |     4 |     4 ||     8
 Abil: Fly               |       |     1 |       ||     1
  Use: Potion            |     1 |       |       ||     1
       Scroll            |       |     7 |     1 ||     8
 Stab: Sleeping          |     2 |       |     2 ||     4
Armor: Robe              |    15 |    22 |    10 ||    47
Dodge: Dodged            |    72 |   150 |    58 ||   280

Table legend: (Time is in decaauts)
 A = Elapsed time spent in this place.
 B = Non-inter-level travel time spent in this place.
 C = Inter-level travel time spent in this place.
 D = Time resting spent in this place.
 E = Time spent auto-exploring this place.
 F = Levels seen in this place.
 G = Mean time per level.
                   A        B        C        D        E       F      G
               +--------+--------+--------+--------+--------+-----+--------+
         Total |   5580 |   5391 |    189 |     95 |   4475 |   7 |  797.1 |
       Dungeon |   4823 |   4653 |    170 |     95 |   3845 |   5 |  964.6 |
        Temple |    133 |    115 |     18 |      0 |    113 |   1 |  133.0 |
         Sewer |    623 |    623 |      0 |      0 |    517 |   1 |  623.0 |
               +--------+--------+--------+--------+--------+-----+--------+

Top non-repeatable levels by time:
     D:3: 1313 daAuts
     D:1: 1240 daAuts
     D:2: 978 daAuts
     D:4: 732 daAuts
   Sewer: 623 daAuts
     D:5: 559 daAuts
  Temple: 133 daAuts
